 Dungeon Crawl Stone Soup version 0.28-a0-909-g796cbd3a86 (webtiles) character file.

Game seed: 6994281680882759710

113 BinkBink the Cudgeller (level 4, -1/41 HPs)
             Began as a Minotaur Monk on Nov 25, 2021.
             Slain by a scorpion (2 damage)
             ... on level 3 of the Dungeon.
             The game lasted 00:02:35 (1626 turns).

BinkBink the Cudgeller (Minotaur Monk)              Turns: 1626, Time: 00:02:35

Health: -1/41      AC:  2    Str: 16    XL:     4   Next: 65%
Magic:  3/3        EV: 13    Int:  7    God:
Gold:   128        SH:  0    Dex: 13    Spells: 3/3 levels left

rFire   . . .      SeeInvis .   a - +0 mace
rCold   . . .      Faith    .   (no shield)
rNeg    . . .      Spirit   .   b - +0 robe
rPois   .          Reflect  .   (helmet restricted)
rElec   .          Harm     .   (no cloak)
rCorr   .          Rampage  .   (no gloves)
Will    .....                   (no boots)
Stlth   ++........              (no amulet)
HPRegen 0.13/turn               (no ring)
MPRegen 0.08/turn               (no ring)

@: lethally poisoned (-1 -> -3), about to teleport, attractive, flying
A: horns 2, retaliatory headbutt
a: no special abilities


You were on level 3 of the Dungeon.
You visited 1 branch of the dungeon, and saw 3 of its levels.

You collected 128 gold pieces.

Inventory:

Hand Weapons
 a - a +0 mace (weapon)
Armour
 b - a +0 robe (worn)
Scrolls
 e - a scroll of identify
 f - a scroll of teleportation
 h - a scroll of silence
 i - a scroll of fog {unknown}


   Skills:
 + Level 4.3 Fighting
 + Level 4.9 Maces & Flails
 * Level 2.0 Armour
 + Level 4.0 Dodging
 - Level 1.5 Stealth


You had 3 spell levels left.
You didn't know any spells.
Your spell library contained the following spells:

 Spells                   Type           Power      Damage    Failure   Level
 Magic Dart               Conj           0%         1d3       43%         1
 Shock                    Conj/Air       0%         1d3       43%         1
 Call Imp                 Summ           0%         N/A       56%         2
 Corpse Rot               Necr/Air       0%         N/A       56%         2
 Poisonous Vapours        Pois/Air       0%         N/A       56%         2
 Mephitic Cloud           Conj/Pois/Air  0%         N/A       80%         3
 Swiftness                Air            0%         N/A       80%         3
 Airstrike                Air            0%         N/A       99%         4


Dungeon Overview and Level Annotations

Branches:
Dungeon (3/15)

Altars:
Uskayaw


Innate Abilities, Weirdness & Mutations

You have a pair of horns on your head.
You reflexively headbutt those who attack you in melee.


Message History

You are too injured to fight recklessly!
You are too injured to fight recklessly!
You are too injured to fight recklessly!
You barely miss the scorpion.
The scorpion is almost dead.
You feel very sick. The scorpion misses you. You furiously retaliate!
You headbutt the scorpion. The scorpion stings you.
You barely miss the scorpion. Your headbutt misses the scorpion.
The scorpion is almost dead.
* * * LOW HITPOINT WARNING * * *
You feel very sick. The scorpion stings you.
* * * LOW HITPOINT WARNING * * *
It was a potion of flight.
You feel very buoyant.
You fly up into the air.
* * * LOW HITPOINT WARNING * * *
You feel sick. The scorpion closely misses you.
It was a potion of attraction.
You feel attractive to monsters.
* * * LOW HITPOINT WARNING * * *
You feel sick. The scorpion closely misses you. You furiously retaliate!
You headbutt the scorpion, but do no damage.
The scorpion closely misses you.
You closely miss the scorpion.
The scorpion is almost dead.
* * * LOW HITPOINT WARNING * * *
You feel sick. The scorpion misses you. You furiously retaliate!
You headbutt the scorpion, but do no damage.
As you read the scroll labelled UCIMEFOSMI, it crumbles to dust.
You feel strangely unstable.
It was a scroll of teleportation.
* * * LOW HITPOINT WARNING * * *
You feel sick. The scorpion barely misses you.
As you read the scroll labelled MEUSTR YGRUTOO, it crumbles to dust.
It is a scroll of identify.
h - a scroll of silence
* * * LOW HITPOINT WARNING * * *
You feel sick. The scorpion stings you.
You die...

... #.#
#.# #.#
#.# #<#
#.# ###
#s###.....
#.@)..#
####..# .#
#


You could see a scorpion.

Vanquished Creatures
  An orc priest (D:3)
  Jessica (D:2)
  2 adders
  A dart slug (D:1)
  2 orcs (D:3)
  2 bats
  2 endoplasms (D:2)
  4 giant cockroaches (D:1)
  6 goblins
  2 hobgoblins
  3 jackals (D:2)
  2 quokkas
  2 ball pythons (D:1)
  A frilled lizard (D:2)
  2 kobolds
  2 rats
35 creatures vanquished.

Notes
Turn   | Place    | Note
-------+----------+-------------------------------------------
     0 | D:1      | BinkBink the Minotaur Monk began the quest for the Orb.
     0 | D:1      | Reached XP level 1. HP: 19/19 MP: 0/0
   148 | D:1      | Reached XP level 2. HP: 24/27 MP: 1/1
   548 | D:1      | Found a faded altar of an unknown god.
   554 | D:1      | Prayed at the altar of an unknown god.
   554 | D:1      | Became a worshipper of Uskayaw the Reveller
   554 | D:1      | Reached * piety under Uskayaw
   554 | D:1      | Reached ** piety under Uskayaw
   575 | D:1      | Fell from the grace of Uskayaw
   801 | D:2      | Reached skill level 1 in Armour
   801 | D:2      | Reached XP level 3. HP: 28/33 MP: 2/2
  1015 | D:2      | Noticed Jessica
  1046 | D:2      | Killed Jessica
  1340 | D:2      | Reached XP level 4. HP: 36/40 MP: 3/3
  1610 | D:3      | Noticed a scorpion
  1625 | D:3      | HP: 2/41 [poisoned by a scorpion]
  1626 | D:3      | Slain by a scorpion

Illustrated notes

Levels and vault maps discovered:
D:1:      wander_arrival_peaceful_grave, layout_loops_ring,
          shapermc_ecumenical_altar_petra, minmay_strange_pillars
D:2:      layout_basic, uniq_jessica
D:3:      layout_loops_ring, portal_sewer_entry_a, serial_rivers,
          chequers_serial_rivers_large_b, chequers_serial_rivers_micro_e,
          chequers_serial_rivers_room_b, chequers_serial_rivers_micro_e,
          st_stairs_6, corexii_leaking_fountain, uniq_robin

Skill      XL: |  1  2  3  4 |
---------------+-------------+-----
Maces & Flails | 4 |  4.9
Fighting       | 4 |  4.3
Armour         | 1 2 |  2.0
Dodging        | 4 |  4.0
Stealth        | |  1.5

Action                   |  1- 3 |  4- 6 || total
-------------------------+-------+-------++-------
Melee: Mace              |    57 |    22 ||    79
       Headbutt          |     8 |     4 ||    12
Invok: Renounce Religion |     1 |       ||     1
  Use: Potion            |       |     3 ||     3
       Scroll            |       |     2 ||     2
 Stab: Sleeping          |     3 |       ||     3
       Distracted        |       |     1 ||     1
Armor: Robe              |     3 |       ||     3
Dodge: Dodged            |    43 |    15 ||    58

Table legend: (Time is in decaauts)
 A = Elapsed time spent in this place.
 B = Non-inter-level travel time spent in this place.
 C = Inter-level travel time spent in this place.
 D = Time resting spent in this place.
 E = Time spent auto-exploring this place.
 F = Levels seen in this place.
 G = Mean time per level.
                   A        B        C        D        E       F      G
               +--------+--------+--------+--------+--------+-----+--------+
         Total |   1640 |   1587 |     53 |      0 |   1351 |   3 |  546.7 |
       Dungeon |   1640 |   1587 |     53 |      0 |   1351 |   3 |  546.7 |
               +--------+--------+--------+--------+--------+-----+--------+

Top non-repeatable levels by time:
     D:2: 794 daAuts
     D:1: 763 daAuts
     D:3: 82 daAuts
